 Dungeon Crawl Stone Soup version 0.31-a0-848-gaac375c (webtiles) character file.

Game seed: 15695953758050530972

7 Meow the Conjurer (level 2, 22/22 HPs)
             Began as a Naga Conjurer on Oct 4, 2023.
             Quit the game on level 1 of the Dungeon.
             The game lasted 00:01:29 (313 turns).

Meow the Conjurer (Naga Conjurer)                    Turns: 313, Time: 00:01:30

Health: 22/22      AC:  1    Str:  9    XL:     2   Next: 0%
Magic:  5/5        EV:  9    Int: 18    God:
Gold:   33         SH:  0    Dex:  9    Spells: 2/5 levels left

rFire   . . .        a - +0 club
rCold   . . .        (no shield)
rNeg    . . .        f - +0 robe
rPois   +            (no helmet)
rElec   .            (no cloak)
rCorr   .            (no gloves)
SInv    +            (no barding)
Will    .....        (no amulet)
Stlth   ++           (no ring)
HPRegen 0.23/turn    (no ring)
MPRegen 0.09/turn

%: no passive effects
@: very slow
A: AC +0, large, see invisible, deformed body, poison resistance, slowness 2,
spit poison 1, naga tail 1
a: Spit Poison


You were on level 1 of the Dungeon.
You visited 1 branch of the dungeon, and saw 1 of its levels.

You collected 33 gold pieces.

Inventory:

Hand Weapons
 a - a +0 club (weapon)
Missiles
 c - 8 stones
Armour
 e - a +2 buckler
 f - a +0 robe (worn)
Scrolls
 d - a scroll of fog {unknown}
 g - a scroll of torment {unknown}
Potions
 b - a potion of magic


   Skills:
 - Level 1.5 Dodging
 - Level 3.0 Stealth
 + Level 2.2 Spellcasting
 + Level 4.2 Conjurations


You had 2 spell levels left.
You knew the following spells:

 Your Spells              Type           Power      Damage    Failure   Level
a - Magic Dart            Conj           68%        1d6       3%          1
b - Searing Ray           Conj           34%        2d5       4%          2

Your spell library contained the following spells:

 Spells                   Type           Power      Damage    Failure   Level
 Dazzling Flash           Conj/Hex       18%        N/A       22%         3
 Fulminant Prism          Conj/Hex       4%         3d5       58%         4
 Iskenderun's Mystic Bla  Conj/Tloc      9%         2d4       58%         4


Dungeon Overview and Level Annotations

Branches:
Dungeon (1/15)

Altars:


Innate Abilities, Weirdness & Mutations

Your serpentine skin is tough. (AC +0)
You have supernaturally acute eyesight. (SInv)
Armour fits poorly on your strangely shaped body.
Your system is resistant to poisons. (rPois)
You cover ground very slowly.
You can spit poison.
You have a snake-like lower body.


Message History

The splash of poison hits the ball python.
The ball python is poisoned.
You kill the ball python!
Unknown command.
You start waiting.
You have got your breath back.
A goblin is nearby!
Aiming: Spit Poison (3% risk of failure)
Press: ? - help, Shift-Dir - straight line, f - goblin
Aim: a goblin, wielding a +0 club (wandering, hasn't noticed you, 43% to hit)
The splash of poison hits the goblin.
The goblin is poisoned.
The goblin is moderately wounded.
Unknown command.
Casting: Magic Dart (safe; 3% risk of failure)
Confirm with . or Enter, or press ? or * to list all spells.
Aiming: Magic Dart (safe; 3% risk of failure)
Press: ? - help, Shift-Dir - straight line, f/p - goblin
Aim: a goblin, wielding a +0 club (moderately wounded, poisoned, 100% to hit)
The magic dart hits the goblin.
You kill the goblin!
You have reached level 2!
You start resting.
You have got your breath back.
You start resting.
Magic restored.
Things that are here:
a +0 club; a goblin corpse
f - a +0 club
f - a +0 club (weapon)
Adjust (i)tems, (s)pells, or (a)bilities?
f - a +0 club (weapon)
Adjust to which letter? (? for menu, Esc to quit)
a - a +0 club (weapon);
f - a +0 robe (worn)
You now have 29 gold pieces (gained 8).
g - a scroll labelled HITISU NEUXEMN You start memorising the spell.
You continue memorising. x2
You finish memorising.
Spell assigned to 'b'.
You now have 33 gold pieces (gained 4).
A ball python comes into view.
Are you sure you want to abandon this character and quit the game? (Confirm with "yes".)

+.>.'..# #.#
#...#### #.#
###.### #.#
#T#.#n# #.#
###.##### #.#
#f#...#9#
######.#
#####.###
#......#
#^#.#F#
#.######
###.### #@#
#^#.#g##....#
####.######..#
#H#..#H# #..#
###.#### #..#
#p#.#9# #..#
####.### #..#
#M#..#e# #S.#
###..###


You could see a ball python (asleep).

Vanquished Creatures
  A ball python (D:1)
  A goblin (D:1)
  2 hobgoblins (D:1)
  A jackal (D:1)
5 creatures vanquished.

Notes
Turn   | Place    | Note
-------+----------+-------------------------------------------
     0 | D:1      | Meow the Naga Conjurer began the quest for the Orb.
     0 | D:1      | Reached XP level 1. HP: 15/15 MP: 3/3
     0 | D:1      | Noticed a minotaur
     0 | D:1      | Noticed a demigod
     2 | D:1      | Noticed a tengu
     5 | D:1      | Noticed an octopode
     8 | D:1      | Noticed an elf
    10 | D:1      | Noticed a gargoyle
    12 | D:1      | Noticed a human
    14 | D:1      | Noticed a minotaur
    14 | D:1      | Noticed a minotaur
    16 | D:1      | Noticed a ghoul
    16 | D:1      | Noticed a dwarf
    19 | D:1      | Noticed a vine stalker
    19 | D:1      | Noticed a barachi
    21 | D:1      | Noticed a troll
    21 | D:1      | Noticed a gargoyle
    23 | D:1      | Noticed an elf
   234 | D:1      | Reached XP level 2. HP: 22/22 MP: 3/5
   282 | D:1      | Learned a level 2 spell: Searing Ray
   313 | D:1      | Quit the game

Illustrated notes

Levels and vault maps discovered:
D:1:      shiori_arrival_whats_in_store_for_you, layout_loops_ring,
          nicolae_figureground_pulse

Action                     || total
---------------------------++-------
   Cast: Magic Dart        ||     5
Ability: Spit Poison       ||     7
 Armour: Robe              ||     6
  Dodge: Dodged            ||     6

Table legend: (Time is in decaauts)
 A = Elapsed time spent in this place.
 B = Non-inter-level travel time spent in this place.
 C = Inter-level travel time spent in this place.
 D = Time resting spent in this place.
 E = Time spent auto-exploring this place.
 F = Levels seen in this place.
 G = Mean time per level.
                   A        B        C        D        E       F      G
               +--------+--------+--------+--------+--------+-----+--------+
         Total |    404 |    404 |      0 |     56 |    287 |   1 |  404.0 |
       Dungeon |    404 |    404 |      0 |     56 |    287 |   1 |  404.0 |
               +--------+--------+--------+--------+--------+-----+--------+

Top non-repeatable levels by time:
     D:1: 404 daAuts
